 Dungeon Crawl Stone Soup version 0.20.0-15-g7f486f2 (webtiles) character file.

12349 dvd the Cleaver (level 11, -10/84 HPs)
             Began as a Hill Orc Fire Elementalist on June 5, 2017.
             Was a High Priest of Hepliaklqana.
             Mangled by an eight-headed hydra (18 damage)
             ... on level 3 of the Lair of Beasts on June 9, 2017.
             The game lasted 00:53:00 (11268 turns).

dvd the Cleaver (Hill Orc Fire Elementalist)       Turns: 11268, Time: 00:53:01

Health: -10/84     AC:  9    Str: 13    XL:     11   Next: 92%
Magic:  16/18      EV: 10    Int: 17    God:    Hepliaklqana [*****.]
Gold:   605        SH: 18    Dex: 11    Spells: 13/20 levels left

rFire    . . .     SeeInvis .   c - +1 spear (venom)
rCold    . . .     Gourm    .   j - +4 large shield {reflect}
rNeg     . . .     Faith    .   l - +1 robe {Archmagi}
rPois    +         Spirit   .   (helmet restricted)
rElec    .         Reflect  +   (no cloak)
rCorr    .         Harm     .   d - +1 pair of gloves
MR       .....                  (no boots)
Stlth    ++........             u - amulet of regeneration
Regen    0.7/turn               B - ring of poison resistance
MPRegen  0.2/turn               y - +4 ring of protection

@: no status effects
A: reduced essence, antennae 1, blink, mutation resistance 1
a: Blink, Recall Ancestor, Ancestor Identity, Transference, Idealise, Renounce
Religion


You were on level 3 of the Lair of Beasts.
You worshipped Hepliaklqana.
Hepliaklqana was extremely pleased with you.
You were not hungry.

You visited 3 branches of the dungeon, and saw 13 of its levels.
You also visited: Ossuary.

You collected 605 gold pieces.

Inventory:

Hand Weapons
 a - a +3 war axe of venom
 b - a +1 whip of flaming
 c - a +1 spear of venom (weapon)
 t - a +0 mace of protection
Armour
 d - a +1 pair of gloves (worn)
 f - a +0 robe of fire resistance
 j - a +4 large shield of reflection (worn)
 l - a +1 robe of the Archmagi (worn)
 r - a +2 animal skin
 s - a +0 helmet
Jewellery
 u - an amulet of regeneration (around neck)
 x - an uncursed ring of protection from magic
 y - a +4 ring of protection (right hand)
 B - a ring of poison resistance (left hand)
 L - an uncursed ring of fire
Wands
 i - a wand of lightning (10/15)
 q - a wand of acid (6/15)
 E - a wand of lightning (14/15)
 F - a wand of polymorph (16/24)
 G - a wand of digging (7/24)
Scrolls
 e - 4 scrolls of identify
 h - 5 scrolls of amnesia
 p - 7 scrolls of teleportation
 C - 3 scrolls of fog
Potions
 g - 2 potions of flight
 k - a potion of heal wounds
 v - a potion of cancellation
 w - 3 potions of might
 H - 5 potions of curing
 I - 2 potions of mutation
 M - a potion of haste
Books
 o - a book of Flames

   Spells                             Type                      Level
   a - Flame Tongue                   Conjuration/Fire             1
   b - Throw Flame                    Conjuration/Fire             2
   c - Conjure Flame                  Conjuration/Fire             3
   d - Inner Flame                    Hexes/Fire                   3
   e - Sticky Flame                   Conjuration/Fire             4
   f - Fireball                       Conjuration/Fire             5
Comestibles
 m - 5 meat rations
 n - 8 royal jellies
 z - 4 fruits
 D - 8 bread rations


   Skills:
 + Level 7.8 Fighting
 + Level 11.6(11.9) Axes
 + Level 3.7(7.3) Polearms
 + Level 2.2 Armour
 + Level 5.2 Dodging
 + Level 4.4 Stealth
 * Level 6.6 Shields
 + Level 5.2 Spellcasting
 + Level 5.5 Conjurations
 + Level 7.2 Fire Magic
 + Level 1.8 Invocations


You had 13 spell levels left.
You knew the following spells:

 Your Spells              Type           Power        Failure   Level  Hunger
a - Flame Tongue          Conj/Fire      #####        11%         1    None
b - Throw Flame           Conj/Fire      #####.       16%         2    #......
c - Sticky Flame          Conj/Fire      #####...     71%         4    ####...


Dungeon Overview and Level Annotations

Branches:
Dungeon (9/15)             Temple (1/1) D:7            Lair (3/6) D:9
  Swamp (0/4) Lair:2
  Snake: Lair:2-4    Spider: Lair:2-4       Orc: D:9-12

Altars:
Ashenzari
Cheibriados
Dithmenos
Elyvilon
Fedhas
Gozag
Hepliaklqana
Kikubaaqudgha
Makhleb
Nemelex Xobeh
Okawaru
Qazlal
Ru
Sif Muna
Trog
Uskayaw
Vehumet
Xom
Yredelemnul
Zin
The Shining One

Shops:
D:6 }


Innate Abilities, Weirdness & Mutations

Your life essence is reduced. (-10% HP)
You have a pair of small antennae on your head.
You can translocate small distances at will.
You are somewhat resistant to further mutation.


Message History

Ealamassi blocks the eight-headed hydra's attack.
The eight-headed hydra barely misses Ealamassi.
You hit the eight-headed hydra.
The eight-headed hydra is almost dead.
Ealamassi completely misses the eight-headed hydra.
You block the eight-headed hydra's attack. x3
The eight-headed hydra bites you. x4
* * * LOW HITPOINT WARNING * * *
The eight-headed hydra bites you but does no damage.
You puncture the eight-headed hydra!
The eight-headed hydra is almost dead.
The eight-headed hydra bites you!
* * * LOW HITPOINT WARNING * * *
The eight-headed hydra bites you but does no damage. x2
You block the eight-headed hydra's attack. x2
The eight-headed hydra bites you.
* * * LOW HITPOINT WARNING * * *
The eight-headed hydra bites you but does no damage.
The eight-headed hydra bites you!!
You die...

##...P .
#....##.
#.....#⌠
##......
#....>.# #.....
#...R###.##..
#..D@.......
................
................
......(........#
#...........####
#.##....#..## #
#.....### ##...#


You could see the friendly Ealamassi the knight and an eight-headed hydra.

Vanquished Creatures
  A two-headed ogre (D:9)
  Pikel (D:6)
  A spiny frog (Lair:1)
  A komodo dragon (Lair:1)
  3 hippogriffs
  A wyvern (D:9)
  4 yaks
  A basilisk (Lair:1)
  A hog (D:9)
  A human (D:9)
  3 swamp worms (Lair:2)
  4 water moccasins
  7 porcupines
  An ice beast (D:5)
  2 orc warriors
  3 black bears
  3 slaves (D:6)
  An eye of draining (D:8)
  An ogre (D:6)
  2 crocodiles (Lair:2)
  2 centaurs
  An elf zombie (Ossuary)
  10 bullfrogs
  A gnoll sergeant (D:8)
  5 scorpions
  2 killer bees (D:7)
  An electric eel (Lair:2)
  A howler monkey (D:8)
  A crimson imp (D:5)
  A centaur zombie (Ossuary)
  6 orc priests
  3 hounds
  2 jellies
  7 orc wizards
  A human zombie (Ossuary)
  2 iguanas (D:8)
  Natasha (twice) (D:2)
  3 worker ants
  A mummy (Ossuary)
  A gnoll (D:8)
  11 adders
  2 adder zombies (Ossuary)
  4 worms
  4 dart slugs
  2 leopard geckos
  16 orcs
  A ball python (D:1)
  4 bats
  6 giant cockroaches
  5 goblins
  15 hobgoblins
  4 jackals
  8 kobolds
  6 quokkas
  7 frilled lizards
  A gnoll zombie (Ossuary)
  A goblin zombie (Ossuary)
  3 hobgoblin zombies (Ossuary)
  6 jackal zombies (Ossuary)
  2 kobold zombies (Ossuary)
  A quokka zombie (Ossuary)
  6 rats
  2 fungi (D:9)
  2 plants (D:9)
214 creatures vanquished.

Vanquished Creatures (collateral kills)
  A black mamba (Lair:2)
  A spiny frog (Lair:1)
  4 yaks
  A hog (D:9)
  6 porcupines
  2 water moccasins (Lair:1)
  A sky beast (D:5)
  A hornet zombie (D:7)
  An ice beast (D:8)
  A slave (D:6)
  2 black bears
  An orc warrior (D:8)
  3 ogres
  A phantom (D:9)
  2 centaurs
  3 crocodiles
  A big kobold (D:9)
  An elf zombie (Ossuary)
  2 bullfrogs
  A scorpion (D:8)
  A killer bee (D:7)
  2 howler monkeys (D:8)
  A human zombie (Ossuary)
  A jelly (D:8)
  A hound (D:8)
  An orc priest (D:7)
  7 orc wizards
  Natasha (D:2)
  3 hound zombies
  A hound skeleton (D:6)
  2 mummies (Ossuary)
  Robin (D:2)
  6 gnolls
  5 adders
  2 adder zombies (Ossuary)
  3 leopard geckos
  13 orcs
  A giant cockroach (D:3)
  5 goblins (D:2)
  A hobgoblin (D:3)
  2 jackals (D:6)
  A frilled lizard (D:4)
  A gnoll zombie (Ossuary)
  2 hobgoblin zombies (Ossuary)
  2 jackal zombies (Ossuary)
  A kobold (D:3)
  2 kobold zombies (Ossuary)
  An orc zombie (Ossuary)
  A rat zombie (Ossuary)
  A fire vortex (D:7)
  A fungus (D:9)
109 creatures vanquished.

Vanquished Creatures (others)
  An ancestor (D:2)
  4 fungi
  5 plants (Lair:1)
10 creatures vanquished.

Grand Total: 333 creatures vanquished

Notes
Turn   | Place    | Note
-------+----------+-------------------------------------------
     0 | D:1      | dvd the Hill Orc Fire Elementalist began the quest for the Orb.
     0 | D:1      | Reached XP level 1. HP: 14/14 MP: 3/3
   134 | D:1      | Reached XP level 2. HP: 20/20 MP: 1/4
   138 | D:1      | Learned a level 2 spell: Throw Flame
   860 | D:1      | Reached XP level 3. HP: 23/26 MP: 3/5
  1893 | D:2      | Found a faded altar of an unknown god.
  1907 | D:2      | Reached XP level 4. HP: 32/34 MP: 3/6
  2011 | D:2      | Became a worshipper of Hepliaklqana the Forgotten
  2011 | D:2      | Reached * piety under Hepliaklqana
  2074 | D:2      | Noticed Robin
  2082 | D:2      | Reached skill level 1 in Fighting
  2118 | D:2      | Killed Robin
  2241 | D:2      | Noticed Natasha
  2247 | D:2      | Killed Natasha
  2262 | D:2      | Reached XP level 5. HP: 36/36 MP: 0/8
  2333 | D:2      | Reached skill level 1 in Polearms
  2399 | D:2      | Learned a level 4 spell: Sticky Flame
  2567 | D:2      | Noticed Natasha
  2572 | D:2      | Killed Natasha
  2702 | D:2      | Noticed Natasha
  2715 | D:2      | Killed Natasha
  2912 | D:3      | Reached XP level 6. HP: 36/43 MP: 4/9
  2913 | D:3      | Upgraded the game from 0.20.0-10-g0535bb4 to 0.20.0-15-g7f486f2
  3041 | D:3      | Reached ** piety under Hepliaklqana
  3045 | D:3      | Remembered your ancestor Ealamassi as a knight
  3966 | D:4      | Reached skill level 1 in Armour
  3966 | D:4      | Reached skill level 1 in Axes
  4060 | D:4      | Reached XP level 7. HP: 48/49 MP: 1/11
  4351 | D:5      | Entered Level 5 of the Dungeon
  4435 | D:5      | Reached *** piety under Hepliaklqana
  4449 | D:5      | Gained mutation: You have a pair of small antennae on your head. [mutagenic meat]
  4450 | D:5      | Gained mutation: Your muscles are strong. (Str +2) [mutagenic meat]
  4721 | D:5      | Reached skill level 2 in Axes
  4855 | D:6      | Noticed Pikel
  4940 | D:6      | Killed Pikel
  4940 | D:6      | Reached skill level 4 in Axes
  4940 | D:6      | Reached skill level 5 in Fire Magic
  4940 | D:6      | Reached XP level 8. HP: 45/56 MP: 3/12
  4989 | D:6      | Reached skill level 5 in Axes
  5124 | D:6      | Reached skill level 6 in Axes
  5234 | D:6      | Found Lopuwolo's Gadget Emporium.
  5300 | D:6      | Found a sand-covered staircase.
  5307 | Ossuary  | Entered an ossuary
  5515 | Ossuary  | Reached skill level 7 in Axes
  5516 | Ossuary  | Reached XP level 9. HP: 38/64 MP: 1/14
  5766 | D:6      | Reached **** piety under Hepliaklqana
  6221 | D:7      | Found a sacrificial altar of Ru.
  6288 | D:7      | Reached skill level 8 in Axes
  6490 | D:7      | Reached skill level 5 in Fighting
  6580 | D:7      | Found a staircase to the Ecumenical Temple.
  6588 | Temple   | Entered the Ecumenical Temple
  7099 | D:8      | Reached skill level 9 in Axes
  7260 | D:8      | Lost mutation: Your muscles are strong. (Str +2) [potion of mutation]
  7260 | D:8      | Gained mutation: You can translocate small distances at will. [potion of mutation]
  7260 | D:8      | Gained mutation: You are somewhat resistant to further mutation. [potion of mutation]
  7327 | D:8      | Reached XP level 10. HP: 63/74 MP: 16/16
  7866 | D:8      | Reached skill level 1 in Invocations
  8147 | D:9      | Reached skill level 10 in Axes
  8188 | D:9      | Found a staircase to the Lair.
  8210 | D:9      | Reached skill level 1 in Shields
  8600 | D:9      | Noticed a two-headed ogre
  8612 | D:9      | Killed a two-headed ogre
  8612 | D:9      | Reached skill level 5 in Conjurations
  8621 | D:9      | Reached XP level 11. HP: 79/82 MP: 18/18
  8768 | D:9      | Reached skill level 11 in Axes
  8963 | Lair:1   | Entered Level 1 of the Lair of Beasts
  9149 | Lair:1   | Reached skill level 5 in Shields
  9505 | Lair:1   | Reached skill level 5 in Spellcasting
 10316 | Lair:2   | Reached ***** piety under Hepliaklqana
 10512 | Lair:2   | Reached skill level 5 in Dodging
 10999 | Lair:2   | Found a staircase to the Swamp.
 11257 | Lair:3   | Noticed an eight-headed hydra
 11268 | Lair:3   | Mangled by an eight-headed hydra

Skill      XL: |  1  2  3  4  5  6  7  8  9 10 11 |
---------------+----------------------------------+-----
Stealth        | 2 3 4 |  4.4
Fighting       | 1 2 3 4 6 7 |  7.8
Spellcasting   | 2 3 4 5 |  5.2
Fire Magic     | 4 5 6 7 |  7.2
Conjurations   | 2 3 4 5 |  5.5
Polearms       | 1 2 3 |  3.7
Armour         | 1 2 |  2.2
Axes           | 1 4 7 9 10 11 | 11.6
Dodging        | 2 3 4 5 |  5.2
Invocations    | 1 |  1.8
Shields        | 2 6 |  6.6

Action                   |  1- 3 |  4- 6 |  7- 9 | 10-12 || total
-------------------------+-------+-------+-------+-------++-------
Melee: Spear             |    51 |    83 |       |    30 ||   164
       Unarmed           |     1 |       |       |       ||     1
       War axe           |       |    13 |   181 |   204 ||   398
       Trident           |       |    10 |    30 |    15 ||    55
       Hand axe          |       |     3 |       |       ||     3
       Whip              |       |       |     6 |       ||     6
 Cast: Flame Tongue      |    40 |    43 |    36 |    36 ||   155
       Throw Flame       |     4 |    17 |    43 |    54 ||   118
       Sticky Flame      |       |       |     8 |       ||     8
Invok: Ancestor Life: Kn |       |     1 |       |       ||     1
       Recall Ancestor   |       |       |     1 |     2 ||     3
       Transference      |       |       |     1 |     1 ||     2
       Idealise          |       |       |       |     2 ||     2
Evoke: Wand              |       |       |       |     1 ||     1
  Use: Scroll            |       |     4 |     8 |    13 ||    25
       Potion            |       |     2 |     7 |     2 ||    11
 Stab: Sleeping          |     1 |     6 |     2 |     4 ||    13
       Distracted        |       |       |     5 |     3 ||     8
       Invisible         |       |       |     2 |       ||     2
  Eat: Chunk             |     4 |     9 |    16 |    14 ||    43
       Royal jelly       |       |       |     1 |       ||     1
Armor: Robe              |     5 |       |       |    45 ||    50
       Animal skin       |       |    23 |    89 |    44 ||   156
       Ring mail         |       |    11 |       |       ||    11
Dodge: Dodged            |    34 |    91 |   175 |    66 ||   366
Block: Large shield      |       |       |       |   238 ||   238
       Reflection        |       |       |       |     3 ||     3
